 Dungeon Crawl Stone Soup version 0.30-a0-778-g2ef04afb54 (webtiles) character file.

Game seed: 16210457265378132076

17740 porpoise the Covert (level 12, -3/91 HPs)
             Began as a Gnoll Enchanter on Feb 16, 2023.
             Was a Believer of Dithmenos.
             Succumbed to a wolf spider's poison
             ... on level 2 of the Lair of Beasts.
             The game lasted 01:03:46 (15029 turns).

porpoise the Covert (Gnoll Enchanter)              Turns: 15029, Time: 01:03:46

Health: -3/91      AC: 12    Str: 14    XL:     12   Next: 51%
Magic:  25/25      EV: 16    Int: 17    God:    Dithmenos [**....]
Gold:   603        SH:  0    Dex: 15    Spells: 13/29 levels left

rFire   . . .      SeeInvis .    a - +2 dagger
rCold   + . .      Faith    .    (no shield)
rNeg    . . .      Spirit   .    l - +2 robe {rC+}
rPois   .          Reflect  .    g - +2 hat
rElec   .          Harm     .    P - +1 cloak
rCorr   +          Rampage  .    o - +2 pair of gloves
Will    .....                    (no boots)
Stlth   ++++++                   (no amulet)
HPRegen 0.35/turn                t - ring of resist corrosion
MPRegen 0.19/turn                I - +6 ring of strength

@: lethally poisoned (-3 -> -33), wreathed by umbra
A: fangs 1, strong nose, distributed training
a: Renounce Religion, Shadow Step


You were on level 2 of the Lair of Beasts.
You worshipped Dithmenos.
Dithmenos was pleased with you.
You visited 3 branches of the dungeon, and saw 13 of its levels.

You collected 669 gold pieces.
You spent 66 gold pieces at shops.

Inventory:

Hand Weapons
 a - a +2 dagger (weapon)
 b - a +2 falchion of draining
 k - a +1 broad axe of freezing
Missiles
 j - 4 javelins
 r - 4 datura-tipped darts
 J - 2 throwing nets
 R - 13 poisoned darts (quivered)
 T - a curare-tipped dart
Armour
 g - a +2 hat (worn)
 l - a +2 robe of cold resistance (worn)
 o - a +2 pair of gloves (worn)
 P - a +1 cloak (worn)
Jewellery
 t - a ring of resist corrosion (left hand)
 I - a +6 ring of strength (right hand)
 U - a ring of protection from cold
Wands
 e - a wand of digging (7)
 q - a wand of iceblast (16)
 w - a wand of flame (66)
 x - a wand of light (26)
 S - a wand of paralysis (14)
Scrolls
 f - 4 scrolls of fog
 h - a scroll of enchant weapon
 D - 3 scrolls of teleportation
 H - a scroll of vulnerability
Potions
 c - 3 potions of invisibility
 d - 3 potions of lignification
 u - 5 potions of mutation
 v - 5 potions of curing
 z - 2 potions of attraction
 K - a potion of berserk rage {unknown}
 L - 2 potions of might {unknown}
 Q - 3 potions of brilliance {unknown}
 V - a potion of haste
Miscellaneous
 N - a phial of floods


   Skills:
 + Level 7.6 Fighting
 + Level 8.1 Short Blades
 + Level 7.6 Long Blades
 + Level 7.6 Axes
 + Level 7.6 Maces & Flails
 + Level 7.6 Polearms
 + Level 7.6 Staves
 + Level 7.6 Ranged Weapons
 + Level 7.6 Throwing
 + Level 7.6 Armour
 + Level 9.0 Dodging
 + Level 9.8 Stealth
 + Level 7.6 Shields
 + Level 7.6 Unarmed Combat
 + Level 9.2 Spellcasting
 + Level 6.3 Conjurations
 + Level 8.5 Hexes
 + Level 6.3 Summonings
 + Level 6.3 Necromancy
 + Level 6.3 Translocations
 + Level 6.3 Transmutations
 + Level 6.3 Fire Magic
 + Level 6.3 Ice Magic
 + Level 6.3 Air Magic
 + Level 6.3 Earth Magic
 + Level 6.3 Poison Magic
 + Level 8.4 Invocations
 + Level 7.6 Evocations


You had 13 spell levels left.
You knew the following spells:

 Your Spells              Type           Power      Damage    Failure   Level
a - Confusing Touch       Hex            36%        N/A       1%          3
c - Vhi's Electric Charg  Tloc/Air       58%        N/A       1%          3
e - Ensorcelled Hibernat  Hex/Ice        66%        N/A       1%          2
t - Tukima's Dance        Hex            36%        N/A       1%          3
v - Summon Mana Viper     Hex/Summ       33%        N/A       12%         5

Your spell library contained the following spells:

 Spells                   Type           Power      Damage    Failure   Level
 Lesser Beckoning         Tloc           58%        N/A       1%          2
 Static Discharge         Conj/Air       58%        2-5/arc   1%          2
 Dazzling Flash           Conj/Hex       66%        N/A       1%          3
 Gell's Gravitas          Tloc           29%        N/A       1%          3
 Teleport Other           Tloc           29%        N/A       1%          3
 Arcjolt                  Conj/Air       14%        1d24      19%         5
 Lightning Bolt           Conj/Air       14%        1d28      19%         5
 Summon Forest            Summ/Tloc      14%        N/A       19%         5
 Summon Cactus Giant      Summ           14%        N/A       71%         6


Dungeon Overview and Level Annotations

Branches:
Dungeon (10/15)            Temple (1/1) D:6            Lair (2/5) D:8
  Swamp (0/4) Lair:2          Orc (0/2) D:10
  Snake: Lair:2-3    Spider: Lair:2-3

Altars:
Ashenzari
Cheibriados
Dithmenos
Elyvilon
Fedhas
Gozag
Hepliaklqana
Kikubaaqudgha
Makhleb
Nemelex Xobeh
Okawaru
Qazlal
Ru
Sif Muna
Trog
Uskayaw
Vehumet
Wu Jian
Xom
Yredelemnul
Zin
The Shining One

Shops:
D:4 *

Annotations:
D:7 2 transporters, necrobotica's ghost, novice GrEE
D:8 3 runed translucent doors, Esekla's ghost, novice OpDe


Innate Abilities, Weirdness & Mutations

You have very sharp teeth.
Your uncanny sense of smell can sniff out nearby items.
Your experience applies equally to all skills.


Message History

You feel very sick.
The wolf spider attacks as you move away!
The wolf spider closely misses you. x2
You feel very sick.
The wolf spider misses you. x2; The wolf spider hits you!
The wolf spider closely misses you. x2; The wolf spider bites you.
You are lethally poisoned!
The wolf spider poisons you!
You feel extremely sick.
* * * LOW HITPOINT WARNING * * *
You feel extremely sick. The wolf spider barely misses you.
The wolf spider bites you.
* * * LOW HITPOINT WARNING * * *
The wolf spider attacks as you move away!
The wolf spider closely misses you. The wolf spider misses you.
* * * LOW HITPOINT WARNING * * *
You feel extremely sick.
You feel better. The wolf spider completely misses you.
The wolf spider barely misses you. The wolf spider hits you!
* * * LOW HITPOINT WARNING * * *
The wolf spider completely misses you. The wolf bites you.
* * * LOW HITPOINT WARNING * * *
The wolf spider closely misses you. x2; The wolf spider barely misses you.
The wolf spider bites you but does no damage.
Okay, then.
Unknown command.
You feel much better. The wolf barely misses you. The wolf spider hits you.
* * * LOW HITPOINT WARNING * * *
The wolf spider bites you.
* * * LOW HITPOINT WARNING * * *
You are lethally poisoned!
The wolf spider poisons you! The wolf spider hits you!
* * * LOW HITPOINT WARNING * * *
The wolf spider bites you!
* * * LOW HITPOINT WARNING * * *
The wolf barely misses you.
The wolf spider attacks as you move away!
The wolf spider closely misses you. The wolf spider bites you.
* * * LOW HITPOINT WARNING * * *
You die...

..####P..####..########..## ###P.
>.##.##..##.##.P.##.##.#.####.#P.
..†..............................
..##.##.#...##.........#.###.#.P#
#########..###.......<.####P..###
##.# #.........## ##..### ♣≈
#.###..........# #..###. ≈
#.##....##..<.## ##.# ## ♣♣####
#.##...@#.....#####<####
§§§#.#####.###...##.....##P#.P##P
~♣.........##..hss##.............
♣..###....###..h##.###..#.##...#
♣.## #######.....## #.#######..P
#.# #...†..## ## ##.# #.#
#.?.....# #^# ##.# #.......# ...
#..## #.......# ##..


You could see 2 wolf spiders and 2 wolves.

Vanquished Creatures
  Gastronok (D:10)
  4 two-headed ogres
  Urug (Lair:2)
  A manticore (D:9)
  A cyclops (D:10)
  2 black mambas (Lair:2)
  A cane toad (Lair:2)
  An unseen horror (D:9)
  2 komodo dragons
  A hornet (D:10)
  5 trolls
  9 blink frogs (Lair:1)
  Sigmund (D:4)
  3 wyverns
  10 yaks
  A basilisk (Lair:2)
  A steam dragon (D:7)
  4 vampire mosquitoes
  Edmund (D:5)
  An acid dragon (D:9)
  6 water moccasins
  3 orc warriors
  3 black bears
  A sky beast (D:6)
  2 ice beasts
  3 ogres
  5 centaurs
  9 wolves (Lair:2)
  6 phantoms
  2 kobold brigands
  2 gnoll sergeants (D:10)
  A scorpion (D:4)
  5 bullfrogs
  2 necrophages (D:5)
  7 wights
  4 howler monkeys
  3 hounds
  2 jellies
  Crazy Yiuf (D:3)
  2 gnoll boudas (D:5)
  7 iguanas
  2 orc wizards
  10 gnolls
  7 adders
  2 shadow imps
  2 white imps
  An ufetubus (D:5)
  A worm (D:4)
  4 dart slugs
  13 orcs
  4 ball pythons
  5 bats
  10 endoplasms
  2 giant cockroaches
  5 goblins
  8 hobgoblins
  4 jackals (D:1)
  2 quokkas
  A frilled lizard (D:3)
  6 kobolds
  8 rats
224 creatures vanquished.

Vanquished Creatures (collateral kills)
  3 wights (D:10)
  An orc (D:10)
4 creatures vanquished.

Vanquished Creatures (others)
  An orc priest (D:10)
  An orc wizard (D:10)
  9 fungi (Lair:2)
  14 plants
25 creatures vanquished.

Grand Total: 253 creatures vanquished

Notes
Turn   | Place    | Note
-------+----------+-------------------------------------------
     0 | D:1      | porpoise the Gnoll Enchanter began the quest for the Orb.
     0 | D:1      | Reached XP level 1. HP: 13/13 MP: 6/6
   137 | D:1      | Reached XP level 2. HP: 19/19 MP: 7/7
   140 | D:1      | Learned a level 2 spell: Ensorcelled Hibernation
   522 | D:1      | Reached skill level 5 in Spellcasting
   522 | D:1      | Reached XP level 3. HP: 25/25 MP: 5/9
   560 | D:1      | Learned a level 3 spell: Confusing Touch
   564 | D:1      | Learned a level 3 spell: Tukima's Dance
   860 | D:1      | Reached skill level 1 in Invocations
  1219 | D:2      | Reached skill level 1 in Fighting
  1219 | D:2      | Reached skill level 1 in Long Blades
  1219 | D:2      | Reached skill level 1 in Axes
  1219 | D:2      | Reached skill level 1 in Maces & Flails
  1219 | D:2      | Reached skill level 1 in Polearms
  1219 | D:2      | Reached skill level 1 in Staves
  1219 | D:2      | Reached skill level 1 in Ranged Weapons
  1219 | D:2      | Reached skill level 1 in Throwing
  1219 | D:2      | Reached skill level 1 in Armour
  1219 | D:2      | Reached skill level 1 in Shields
  1219 | D:2      | Reached skill level 1 in Unarmed Combat
  1219 | D:2      | Reached skill level 1 in Evocations
  1425 | D:2      | Reached XP level 4. HP: 14/32 MP: 2/11
  1884 | D:2      | Reached skill level 1 in Conjurations
  1884 | D:2      | Reached skill level 1 in Summonings
  1884 | D:2      | Reached skill level 1 in Necromancy
  1884 | D:2      | Reached skill level 1 in Translocations
  1884 | D:2      | Reached skill level 1 in Transmutations
  1884 | D:2      | Reached skill level 1 in Fire Magic
  1884 | D:2      | Reached skill level 1 in Ice Magic
  1884 | D:2      | Reached skill level 1 in Air Magic
  1884 | D:2      | Reached skill level 1 in Earth Magic
  1884 | D:2      | Reached skill level 1 in Poison Magic
  2991 | D:3      | Found a runed translucent door.
  2992 | D:3      | Noticed Crazy Yiuf
  3004 | D:3      | Killed Crazy Yiuf
  3005 | D:3      | Reached XP level 5. HP: 27/37 MP: 8/12
  3472 | D:4      | Found Elihiel's Assorted Antiques.
  3477 | D:4      | Bought 2 golden potions for 32 gold pieces
  3477 | D:4      | Bought a glowing clear potion for 16 gold pieces
  3477 | D:4      | Bought a scroll labelled EDEOH BAEK for 18 gold pieces
  3487 | D:4      | Noticed Sigmund
  3490 | D:4      | Noticed an orc warrior
  3894 | D:4      | Killed Sigmund
  3895 | D:4      | Reached skill level 5 in Dodging
  3895 | D:4      | Reached XP level 6. HP: 37/44 MP: 9/14
  4031 | D:4      | Reached XP level 7. HP: 51/51 MP: 15/15
  4109 | D:4      | Found a stormy altar of Qazlal.
  4191 | D:5      | Entered Level 5 of the Dungeon
  4953 | D:5      | Reached XP level 8. HP: 54/58 MP: 0/16
  5074 | D:5      | Noticed a two-headed ogre
  5081 | D:5      | Killed a two-headed ogre
  5237 | D:5      | Reached XP level 9. HP: 57/65 MP: 11/18
  5449 | D:5      | Reached skill level 5 in Short Blades
  5539 | D:5      | Noticed Edmund
  5551 | D:5      | Killed Edmund
  6336 | D:6      | Reached skill level 5 in Invocations
  6752 | D:6      | Found a staircase to the Ecumenical Temple.
  6762 | Temple   | Entered the Ecumenical Temple
  6844 | Temple   | Became a worshipper of Dithmenos the Shadowed
  7168 | D:6      | Reached skill level 5 in Fighting
  7168 | D:6      | Reached skill level 5 in Long Blades
  7168 | D:6      | Reached skill level 5 in Axes
  7168 | D:6      | Reached skill level 5 in Maces & Flails
  7168 | D:6      | Reached skill level 5 in Polearms
  7168 | D:6      | Reached skill level 5 in Staves
  7168 | D:6      | Reached skill level 5 in Ranged Weapons
  7168 | D:6      | Reached skill level 5 in Throwing
  7168 | D:6      | Reached skill level 5 in Armour
  7168 | D:6      | Reached skill level 5 in Shields
  7168 | D:6      | Reached skill level 5 in Unarmed Combat
  7168 | D:6      | Reached skill level 5 in Evocations
  7168 | D:6      | Reached XP level 10. HP: 15/70 MP: 18/20
  7416 | D:6      | Found a radiant altar of Vehumet.
  7416 | D:6      | Found a basalt altar of Yredelemnul.
  7427 | D:6      | Found a burning altar of Makhleb.
  7429 | D:6      | Found a sparkling altar of Nemelex Xobeh.
  7431 | D:6      | Found a faded altar of an unknown god.
  7777 | D:7      | Noticed a cyan ugly thing
  7778 | D:7      | Found a transporter.
  7778 | D:7      | Noticed necrobotica's ghost (novice GrEE)
  7927 | D:7      | Found a transporter.
  8515 | D:8      | Found a runed translucent gate.
  8515 | D:8      | Found a runed translucent gate.
  8515 | D:8      | Found a runed translucent gate.
  8515 | D:8      | Noticed Esekla's ghost (novice OpDe)
  8519 | D:8      | Identified the +3 plate armour of Absence {*Corrode rPois
                  | Regen+ Slay-3}
  8569 | D:8      | Noticed a two-headed ogre
  8575 | D:8      | Killed a two-headed ogre
  8704 | D:8      | Found a glowing golden altar of the Shining One.
  8756 | D:8      | Found a bloodstained altar of Trog.
  8881 | D:8      | Found a staircase to the Lair.
  9163 | D:8      | Found a shimmering blue altar of Sif Muna.
  9592 | D:9      | Killed an unseen horror
  9910 | D:9      | Reached * piety under Dithmenos
  9926 | D:9      | Noticed a manticore
  9940 | D:9      | Killed a manticore
 10539 | D:9      | Found an iron altar of Okawaru.
 10908 | D:10     | Entered Level 10 of the Dungeon
 10979 | D:10     | Noticed Gastronok
 11007 | D:10     | Killed Gastronok
 11008 | D:10     | Reached skill level 5 in Conjurations
 11008 | D:10     | Reached skill level 5 in Summonings
 11008 | D:10     | Reached skill level 5 in Necromancy
 11008 | D:10     | Reached skill level 5 in Translocations
 11008 | D:10     | Reached skill level 5 in Transmutations
 11008 | D:10     | Reached skill level 5 in Fire Magic
 11008 | D:10     | Reached skill level 5 in Ice Magic
 11008 | D:10     | Reached skill level 5 in Air Magic
 11008 | D:10     | Reached skill level 5 in Earth Magic
 11008 | D:10     | Reached skill level 5 in Poison Magic
 11008 | D:10     | Reached XP level 11. HP: 77/81 MP: 21/23
 11115 | D:10     | Found a staircase to the Orcish Mines.
 11346 | D:10     | Noticed a two-headed ogre
 11355 | D:10     | Killed a two-headed ogre
 12157 | D:10     | Noticed a cyclops
 12188 | D:10     | Killed a cyclops
 12332 | D:10     | Noticed a two-headed ogre
 12350 | D:10     | Killed a two-headed ogre
 12667 | Lair:1   | Entered Level 1 of the Lair of Beasts
 13063 | Lair:1   | Reached ** piety under Dithmenos
 13266 | Lair:1   | Reached XP level 12. HP: 65/91 MP: 16/24
 13557 | Lair:1   | Learned a level 3 spell: Vhi's Electric Charge
 13563 | Lair:1   | Learned a level 5 spell: Summon Mana Viper
 14496 | Lair:2   | Found a staircase to the Swamp.
 14505 | Lair:2   | Noticed Urug
 14514 | Lair:2   | Killed Urug
 15029 | Lair:2   | HP: 3/91 [wolf spider (3)]
 15029 | Lair:2   | Succumbed to a wolf spider's poison

Illustrated notes

Levels and vault maps discovered:
D:1:      minmay_arrival_split_and_join, layout_basic
D:2:      minmay_general_purpose_star, layout_basic, minmay_misc_feat_rugged
D:3:      layout_basic, uniq_crazy_yiuf_cottage
D:4:      layout_rooms, mainiacjoe_overflow_alcove_4, serial_shops,
          nicolae_square_shop, chequers_serial_rivers_micro_e, uniq_sigmund
D:5:      layout_basic, nicolae_eternal_life, minmay_joined_circles, uniq_edmund
D:6:      layout_rooms, chequers_temple_overflow_minitemple,
          minmay_temple_entry_purple_smoke, minmay_misc_feat_doors
D:7:      layout_basic, gammafunk_ghost_arena
D:8:      layout_loops_corners, bloody_trog, led_sif_pool,
          nicolae_tso_swordbearing_angel, david_lair_shrubbed,
          biasface_ghost_orc_armoury, minmay_misc_feat_hallway
D:9:      layout_layer_cave, hellmonk_okawaru_the_only_friend_you_need
D:10:     layout_irregular_city, orc_0_dummy, kennysheep_kite_vault,
          uniq_gastronok
Temple:   nicolae_temple_god_jail
Lair:1:   layout_hall_layers, cheibrodos_lair_caveside_slide
Lair:2:   layout_small_grid, minmay_swamp_entry_swarm, minivault_19,
          nicolae_lair_run_with_the_wolves, uniq_urug

Skill      XL: |  1  2  3  4  5  6  7  8  9 10 11 12 |
---------------+-------------------------------------+-----
Spellcasting   | 5 6 7 8 9 |  9.2
Stealth        | 6 7 8 9 |  9.8
Invocations    | 1 2 3 4 5 6 7 8 |  8.4
Fighting       | 1 2 3 4 5 6 7 |  7.6
Long Blades    | 1 2 3 4 5 6 7 |  7.6
Axes           | 1 2 3 4 5 6 7 |  7.6
Maces & Flails | 1 2 3 4 5 6 7 |  7.6
Polearms       | 1 2 3 4 5 6 7 |  7.6
Staves         | 1 2 3 4 5 6 7 |  7.6
Ranged Weapons | 1 2 3 4 5 6 7 |  7.6
Throwing       | 1 2 3 4 5 6 7 |  7.6
Armour         | 1 2 3 4 5 6 7 |  7.6
Shields        | 1 2 3 4 5 6 7 |  7.6
Unarmed Combat | 1 2 3 4 5 6 7 |  7.6
Evocations     | 1 2 3 4 5 6 7 |  7.6
Conjurations   | 1 2 3 4 5 6 |  6.3
Summonings     | 1 2 3 4 5 6 |  6.3
Necromancy     | 1 2 3 4 5 6 |  6.3
Translocations | 1 2 3 4 5 6 |  6.3
Transmutations | 1 2 3 4 5 6 |  6.3
Fire Magic     | 1 2 3 4 5 6 |  6.3
Ice Magic      | 1 2 3 4 5 6 |  6.3
Air Magic      | 1 2 3 4 5 6 |  6.3
Earth Magic    | 1 2 3 4 5 6 |  6.3
Poison Magic   | 1 2 3 4 5 6 |  6.3
Short Blades   | 3 4 5 6 7 8 |  8.1
Dodging        | 5 6 7 8 9 |  9.0
Hexes          | 6 7 8 |  8.5

Action                     |  1- 3 |  4- 6 |  7- 9 | 10-12 || total
---------------------------+-------+-------+-------+-------++-------
  Melee: Dagger            |    86 |    91 |   315 |   431 ||   923
         Bite              |     7 |     7 |    44 |    80 ||   138
         Punch             |     1 |       |    20 |    20 ||    41
         Falchion          |       |       |       |     2 ||     2
  Throw: Boomerang         |       |       |    13 |       ||    13
         Dart              |       |       |       |    92 ||    92
   Cast: Ensorcelled Hiber |    18 |    10 |    30 |    49 ||   107
         Confusing Touch   |     2 |     4 |    39 |    54 ||    99
         Tukima's Dance    |       |       |       |     1 ||     1
  Evoke: Wand              |       |       |       |     9 ||     9
    Use: Scroll            |       |     8 |     2 |    11 ||    21
         Potion            |       |       |     2 |     8 ||    10
   Stab: Sleeping          |    18 |    19 |    22 |    42 ||   101
         Confused          |     1 |     3 |    32 |    40 ||    76
         Invisible         |       |       |     2 |     4 ||     6
         Distracted        |       |       |       |     1 ||     1
         Paralysed         |       |       |       |     1 ||     1
 Armour: Robe              |    12 |    26 |    50 |   105 ||   193
  Dodge: Dodged            |    44 |    55 |   152 |   401 ||   652

Table legend: (Time is in decaauts)
 A = Elapsed time spent in this place.
 B = Non-inter-level travel time spent in this place.
 C = Inter-level travel time spent in this place.
 D = Time resting spent in this place.
 E = Time spent auto-exploring this place.
 F = Levels seen in this place.
 G = Mean time per level.
                   A        B        C        D        E       F      G
               +--------+--------+--------+--------+--------+-----+--------+
         Total |  14752 |  14107 |    645 |   4232 |   6741 |  13 | 1134.8 |
       Dungeon |  12380 |  11809 |    571 |   3460 |   5866 |  10 | 1238.0 |
        Temple |     98 |     58 |     40 |      0 |     50 |   1 |   98.0 |
          Lair |   2273 |   2240 |     33 |    772 |    824 |   2 | 1136.5 |
               +--------+--------+--------+--------+--------+-----+--------+

Top non-repeatable levels by time:
     D:5: 2025 daAuts
    D:10: 1673 daAuts
     D:9: 1418 daAuts
  Lair:1: 1345 daAuts
     D:8: 1223 daAuts
     D:2: 1201 daAuts
     D:3: 1194 daAuts
     D:1: 1166 daAuts
     D:6: 1125 daAuts
  Lair:2: 928 daAuts
     D:7: 748 daAuts
     D:4: 603 daAuts
  Temple: 98 daAuts
